 Dungeon Crawl Stone Soup version 0.30.0-20-g3615ddf2f0 (webtiles) character file.

Game seed: 12267430946464422746

189 qw the Chopper (level 5, 0/32 HPs)
             Began as a Gargoyle Fighter on May 29, 2023.
             Slain by an ogre
             ... wielding a +0 giant club
              (17 damage)
             ... on level 3 of the Dungeon.
             The game lasted 00:01:13 (2352 turns).

qw the Chopper (Gargoyle Fighter)                   Turns: 2352, Time: 00:01:13

Health: 0/32       AC: 15    Str: 27    XL:     5   Next: 68%
Magic:  5/5        EV:  7    Int:  9    God:
Gold:   130        SH:  4    Dex:  9    Spells: 4/4 levels left

rFire   . . .        Y - +0 war axe
rCold   . . .        c - +0 buckler
rNeg    + . .        k - +0 plate armour
rPois   inf          (no helmet)
rElec   +            (no cloak)
rCorr   .            (no gloves)
SInv    .            (no boots)
Will    +....        (no amulet) Stlth
                     f - +6 ring of strength
HPRegen 0.25/turn    a - ring of willpower
MPRegen 0.09/turn

%: no passive effects
@: no status effects
A: sickness immunity, AC +4, negative energy resistance 1, electricity
resistance, torment resistance 1, petrification resistance
a: no special abilities


You were on level 3 of the Dungeon.
You visited 1 branch of the dungeon, and saw 4 of its levels.

You collected 182 gold pieces.
You spent 52 gold pieces at shops.


Innate Abilities, Weirdness & Mutations

You are immune to sickness and miasma.
Your stone body is resilient. (AC +4)
You are immune to poison.
You resist negative energy. (rN+)
You are resistant to electric shocks. (rElec)
You are resistant to unholy torment.
You are immune to petrification.


   Skills:
 + Level 3.2 Fighting
 - Level 5.2 Axes
 - Level 3.2 Armour
 - Level 3.2 Shields


You had 4 spell levels left.
You didn't know any spells.
Your spell library was empty.

Inventory:

Hand Weapons
 q - a +0 flail
 Y - a +0 war axe (weapon)
Armour
 c - a +0 buckler (worn)
 k - a +0 plate armour (worn)
Jewellery
 a - a ring of willpower (right hand)
 f - a +6 ring of strength (left hand)
Scrolls
 g - a scroll of identify
 p - 2 scrolls of teleportation
Potions
 b - a potion of heal wounds
 d - a potion of might
 e - a potion of haste
 h - a potion of cancellation
 i - a potion of attraction {unknown}
 j - a potion of lignification {unknown}
 l - a potion of ambrosia {unknown}
 n - a potion of curing {unknown}

Dungeon Overview and Level Annotations

Branches:
Dungeon (4/15)             Temple (0/1) D:4

Altars:
Ashenzari
The Shining One

Shops:
D:1 (?


Message History

The quokka bites you but does no damage. x2
You slash the ogre!
You kill the ogre!
You hit the quokka.
You kill the quokka!
Your Axes skill increases to level 5!
You have reached level 5!
You start waiting.
Your surroundings suddenly seem different.
Enter note:
Enter note:
Enter note:
Enter note:
Enter note:
Enter note:
Enter note:
Enter note:
Enter note:
Enter note:
Enter note:
Enter note: Done exploring.
(D) Dungeon (T) Temple
Where to? (* - list waypoints, Enter - D:4, ? - help)
What level of the Dungeon? (default 1, ? - help)
You see here a +0 dagger.
There is a stone staircase leading down here.
You climb downwards.
You hear the hiss of flowing sand.
There is an entrance to an ossuary on this level.
Hurry and find it before the portal is buried!
The ogre hits you with a +0 giant club.
There is a stone staircase leading up here.
2350 ||| STAIRDANCE The ogre hits you with a +0 giant club!
You climb upwards.
There is a stone staircase leading down here.
You hit the ogre.
The ogre is lightly wounded.
The ogre hits you with a +0 giant club!
Ouch! That really hurt!
You die...

....#####........................
.....###...................<.....
......##..............###########
.###..................# ##
#..#...............# ## #
##.................# ##. #
####..............# #.. #
#......#.......# ##.. #
#......#O@.....# #...
#......#.).....# ##... #
#......#####...# ####...# #
######## #...####......# #
#.).#.....)..## #..........###
####...##### ##### #


You could see an ogre.

Vanquished Creatures
  An ogre (D:3)
  5 adders
  A worm (D:2)
  A dart slug (D:3)
  2 orcs
  6 ball pythons
  5 bats
  5 endoplasms
  A giant cockroach (D:2)
  A goblin (D:2)
  7 hobgoblins
  5 kobolds
  5 quokkas
  4 frilled lizards
  A rat (D:2)
50 creatures vanquished.

Notes
Turn   | Place    | Note
-------+----------+-------------------------------------------
     0 | D:1      | qw the Gargoyle Fighter began the quest for the Orb.
     0 | D:1      | Reached XP level 1. HP: 14/14 MP: 1/1
     0 | D:1      | 0 ||| qw: Version: 0.2-a-101-gf424e7f
     0 | D:1      | 0 ||| qw: Game counter: 326
     0 | D:1      | 0 ||| qw: Always use a shield: true
     0 | D:1      | 0 ||| qw: God list: Okawaru
     0 | D:1      | 0 ||| qw: Allow faded altars: false
     0 | D:1      | 0 ||| qw: Do Orc after D:15 true
     0 | D:1      | 0 ||| qw: Do second Lair branch before Depths: true
     0 | D:1      | 0 ||| qw: Lair rune preference: random
     0 | D:1      | 0 ||| qw: Plans: Normal, Zot:1-4, Slime:5, God:TSO, Crypt,
                  | Tomb, Pan, Hells, Abyss, Win
     0 | D:1      | 0 ||| PLANNING D:1-11
   106 | D:1      | Reached skill level 2 in Axes
   149 | D:1      | Found Mynuwk's Antique Weapon Emporium.
   154 | D:1      | 154 ||| SHOPLISTING flail (112 gold, have 32).
   154 | D:1      | 154 ||| SHOPLISTING whip (80 gold, have 32).
   246 | D:1      | Reached XP level 2. HP: 19/19 MP: 2/2
   307 | D:1      | Found a faded altar of an unknown god.
   419 | D:1      | Found The Oracle's Delphic Readings.
   423 | D:1      | 423 ||| SHOPLISTING scroll of enchant armour (97 gold, have
                  | 53).
   423 | D:1      | 423 ||| BUYING scroll of identify (26 gold).
   423 | D:1      | Bought a scroll of identify for 26 gold pieces
   423 | D:1      | 423 ||| BUYING scroll of identify (26 gold).
   423 | D:1      | Bought a scroll of identify for 26 gold pieces
   423 | D:1      | 423 ||| SHOPLISTING scroll of teleportation (39 gold, have
                  | 1).
   586 | D:1      | 586 ||| FLEEEEING.
   848 | D:1      | 848 ||| UPGRADING to +6 ring of strength.
   849 | D:1      | 849 ||| READING 2 scrolls of identify.
   849 | D:1      | 849 ||| IDENTIFYING orange potion
   922 | D:2      | Reached skill level 3 in Axes
   984 | D:2      | 984 ||| FLEEEEING.
   985 | D:2      | 985 ||| Stepping ~*~*~tactically~*~*~ (hiding).
   987 | D:2      | 987 ||| Stepping ~*~*~tactically~*~*~ (hiding).
   988 | D:2      | 988 ||| Stepping ~*~*~tactically~*~*~ (hiding).
   989 | D:2      | 989 ||| Stepping ~*~*~tactically~*~*~ (hiding).
   994 | D:2      | Reached XP level 3. HP: 23/23 MP: 3/3
  1084 | D:2      | 1084 ||| Stepping ~*~*~tactically~*~*~ (stealth).
  1106 | D:2      | 1106 ||| Stepping ~*~*~tactically~*~*~ (stealth).
  1109 | D:2      | 1109 ||| Stepping ~*~*~tactically~*~*~ (stealth).
  1257 | D:2      | 1257 ||| DROPPING +0 club.
  1302 | D:2      | Reached XP level 4. HP: 28/28 MP: 4/4
  1541 | D:2      | 1541 ||| UPGRADING to +0 plate armour.
  1551 | D:2      | 1551 ||| DROPPING +0 scale mail.
  1552 | D:2      | 1552 ||| READING scroll labelled DAIDUS KAENO.
  1553 | D:2      | 1553 ||| READING 3 scrolls labelled ELAFISTOLOT.
  1554 | D:2      | 1554 ||| READING scroll labelled ICUW PUAMIS.
  1555 | D:2      | 1555 ||| READING 2 scrolls labelled QEROUC TYSAOPH.
  1556 | D:2      | 1556 ||| READING 2 scrolls labelled QIXEQE HUCY.
  1560 | D:2      | 1560 ||| READING 2 scrolls of identify.
  1560 | D:2      | 1560 ||| IDENTIFYING murky white potion
  1561 | D:2      | 1561 ||| DROPPING 2 scrolls of amnesia.
  1562 | D:2      | 1562 ||| DROPPING scroll of poison.
  1572 | D:3      | Found a broken altar of Ashenzari.
  1595 | D:3      | 1595 ||| Stepping ~*~*~tactically~*~*~ (hiding).
  1603 | D:3      | Reached skill level 4 in Axes
  1762 | D:3      | 1762 ||| Stepping ~*~*~tactically~*~*~ (hiding).
  1886 | D:3      | 1886 ||| FLEEEEING.
  1887 | D:3      | 1887 ||| FLEEEEING.
  1888 | D:3      | 1888 ||| FLEEEEING.
  1889 | D:3      | 1889 ||| STAIRDANCE
  1897 | D:2      | 1897 ||| DROPPING +6 ring of intelligence.
  1898 | D:2      | 1898 ||| READING 2 scrolls of identify.
  1898 | D:2      | 1898 ||| IDENTIFYING coppery potion
  1905 | D:3      | 1905 ||| STAIRDANCE
  2231 | D:3      | Found a glowing golden altar of the Shining One.
  2298 | D:3      | 2298 ||| UPGRADING to ring of willpower.
  2299 | D:3      | 2299 ||| READING scroll labelled UGOMULEGIBB.
  2309 | D:4      | Found a staircase to the Ecumenical Temple.
  2310 | D:4      | 2310 ||| PLANNING OSSUARY
  2310 | D:4      | Noticed an ogre
  2314 | D:4      | Noticed an ogre
  2318 | D:4      | 2318 ||| STAIRDANCE
  2321 | D:3      | HP: 6/28 [ogre/+0 giant spiked club (13)]
  2322 | D:3      | 2322 ||| READING 3 scrolls of teleportation.
  2323 | D:3      | 2323 ||| DRINKING 2 potions of heal wounds.
  2324 | D:3      | Killed an ogre
  2325 | D:3      | Reached skill level 5 in Axes
  2325 | D:3      | Reached XP level 5. HP: 32/32 MP: 5/5
  2350 | D:4      | 2350 ||| STAIRDANCE
  2352 | D:3      | Slain by an ogre

Levels and vault maps discovered:
D:1:      minmay_arrival_split_and_join, layout_loops_ring,
          shapermc_ecumenical_altar_acropolis, serial_shops,
          nicolae_shop_crystal, minmay_misc_feat_square,
          nicolae_nh_oracle_at_delphi
D:2:      layout_basic
D:3:      layout_rooms, tso_oasis_becter,
          mainiacjoe_overflow_concentric_impassable, serial_curves,
          eino_curves_03, eino_curves_04, corexii_shack, minmay_distorted
D:4:      layout_cave_pools, elyvilon_altar_1, minmay_temple_entry_mist,
          nicolae_ossuary_entry_ruins, kennysheep_dice

Skill      XL: |  1  2  3  4 |
---------------+-------------+-----
Axes           | 2 3 5 |  5.2
Fighting       | |  3.2
Armour         | |  3.2
Shields        | |  3.2

Action                     |  1- 3 |  4- 6 || total
---------------------------+-------+-------++-------
  Melee: War axe           |    93 |    58 ||   151
  Throw: Boomerang         |     5 |     1 ||     6
    Use: Scroll            |     1 |     9 ||    10
         Potion            |       |     1 ||     1
 Armour: Scale mail        |    38 |     4 ||    42
         Plate armour      |       |    37 ||    37
  Dodge: Dodged            |    42 |    27 ||    69
  Block: Buckler           |    22 |    10 ||    32

Table legend:
 A = Non-vault XP
 B = Vault XP
 C = Vault XP percentage of total XP
 D = Non-vault monster count
 E = Vault monster count
 F = Vault count percentage of total count
                 A         B        C        D         E       F
            +---------+---------+-------+---------+---------+-------
      Total |     247 |      24 |   8.9 |      44 |       6 |  12.0
            +---------+---------+-------+---------+---------+-------
        D:1 |      24 |       3 |  11.1 |      14 |       2 |  12.5
        D:2 |      70 |       2 |   2.8 |      20 |       1 |   4.8
        D:3 |     150 |      19 |  11.2 |       9 |       3 |  25.0
        D:4 |       3 |       0 |   0.0 |       1 |       0 |   0.0
            +---------+---------+-------+---------+---------+-------
